 Dungeon Crawl Stone Soup version 0.20-a0-1020-g7b9e4fe (webtiles) character file.

861 Monsterracer the Summoner (level 8, -12/44 HPs)
             Began as a Tengu Summoner on Apr 18, 2017.
             Was an Initiate of Sif Muna.
             Mangled by an orc warrior
             ... wielding a +0 glaive
              (15 damage)
             ... on level 6 of the Dungeon.
             The game lasted 00:26:58 (7720 turns).

Monsterracer the Summoner (Tengu Summoner)          Turns: 7720, Time: 00:26:59

Health: -12/44     AC:  5    Str:  8    XL:     8   Next: 2%
Magic:  2/15       EV: 13    Int: 19    God:    Sif Muna [......]
Gold:   268        SH:  4    Dex: 14    Spells: 3/16 levels left

rFire    + + .     SeeInvis .   r - +1 trident
rCold    + . .     Gourm    .   (no shield)
rNeg     . . .     Faith    .   a - +0 robe
rPois    .         Spirit   .   (helmet restricted)
rElec    .         Reflect  .   (no cloak)
rCorr    .         Harm     .   g - +1 pair of gloves
MR       .....                  (boots unavailable)
Stlth    ++........             l - amulet of rage
Regen    0.2/turn               h - ring of protection from cold
MPRegen  0.2/turn               o - ring of protection from fire

@: very slightly contaminated
A: beak, talons 3, large bone plates 1, rugged brown scales 1, fire resistance
1, no potion heal 1, able to fly 1
a: Fly, Renounce Religion, Evoke Berserk Rage


You were on level 6 of the Dungeon.
You worshipped Sif Muna.
Sif Muna was noncommittal.
You were very hungry.

You visited 2 branches of the dungeon, and saw 7 of its levels.

You collected 268 gold pieces.

Inventory:

Hand Weapons
 r - a +1 trident (weapon)
Armour
 a - a +0 robe (worn)
 g - a +1 pair of gloves (worn)
Jewellery
 h - a ring of protection from cold (left hand)
 l - an amulet of rage (around neck)
 o - a ring of protection from fire (right hand)
Wands
 m - a wand of flame (13/48)
 n - a wand of acid (15/15)
 s - a wand of confusion (4/48)
 u - a wand of confusion (25/48)
Scrolls
 e - 3 scrolls of identify
 i - 2 scrolls of teleportation
 j - 2 scrolls of magic mapping
 p - 2 scrolls of enchant weapon
Potions
 k - 3 potions of flight
 q - a potion of heal wounds
Books
 b - a book of Callings

   Spells                             Type                      Level
   a - Summon Small Mammal            Summoning                    1
   b - Call Imp                       Summoning                    2
   c - Call Canine Familiar           Summoning                    3
   d - Summon Guardian Golem          Hexes/Summoning              3
   e - Summon Lightning Spire         Summoning/Air                4
   f - Summon Ice Beast               Ice/Summoning                4
Comestibles
 c - a fruit
 d - a bread ration
 f - 6 meat rations


   Skills:
 + Level 1.5 Fighting
   Level 1.0 Maces & Flails
 * Level 3.8 Polearms
 + Level 3.2 Dodging
 - Level 2.0 Stealth
 + Level 4.5 Spellcasting
 * Level 8.3 Summonings


You had 3 spell levels left.
You knew the following spells:

 Your Spells              Type           Power        Failure   Level  Hunger
a - Summon Small Mammal   Summ           ####         1%          1    None
b - Call Imp              Summ           #####...     1%          2    #......
c - Call Canine Familiar  Summ           #####...     1%          3    ###....
d - Summon Guardian Gole  Hex/Summ       ###.....     10%         3    ###....
e - Summon Ice Beast      Ice/Summ       ###.....     28%         4    ####...


Dungeon Overview and Level Annotations

Branches:
Dungeon (6/15)             Temple (1/1) D:6

Altars:
Ashenzari
Cheibriados
Elyvilon
Fedhas
Hepliaklqana
Makhleb
Okawaru
Qazlal
Sif Muna
Trog
Uskayaw
Vehumet
Xom
Yredelemnul
Zin
The Shining One

Shops:
D:6 *


Innate Abilities, Weirdness & Mutations

You have a beak for a mouth.
You have claws for feet.
You can fly.
You are partially covered in large bone plates. (SH +4)
You are partially covered in rugged brown scales. (AC +1, +3% HP)
Your flesh is heat resistant. (rF+)
Potions are less effective at restoring your health.


Message History

You hit the orc warrior but do no damage.
Your crimson imp blinks!
The orc warrior barely misses you.
Attack whom?
Press: ? - help, Dir - move target cursor, f/p - orc warrior
Aim: an orc warrior, wielding a glaive and wearing a plate armour You could not reach far enough!
The orc priest miscasts a cantrip.
Your hound closely misses the orc warrior.
The orc warrior hits you from afar with a glaive!!
Ouch! That really hurt!
You are too injured to fight recklessly!
Your hound bites the orc warrior but does no damage. x2
The orc priest invokes the aid of Beogh against you.
Beogh smites you!
* * * LOW HITPOINT WARNING * * *
You swap places.
Your hound bites the orc warrior but does no damage.
The orc warrior hits you from afar with a glaive!
You die...

###+..# ##
###.....###
#A#_..._#1#
###.....###
###+#..#
#######
#...###
.......##...#
......ooh85.#
######.##@..#
#. ###.# ..
#... #..
###.#


oo. .# .... # .... You could see an orc warrior, an orc priest, a friendly
guardian golem, a friendly hound and a friendly crimson imp.

Vanquished Creatures
  Eustachio (D:5)
  A bullfrog (D:6)
  A bullfrog zombie (D:5)
  A crimson imp (D:6)
  An orc priest (D:4)
  An orc wizard (D:5)
  A worker ant (D:5)
  2 adders
  An adder skeleton (D:4)
  2 leopard geckos
  4 orcs
  A bat (D:3)
  3 giant cockroaches
  3 goblins
  4 hobgoblins
  2 jackals
  2 quokkas
  A frilled lizard (D:4)
  A jackal skeleton (D:5)
  5 kobolds
  A leopard gecko zombie (D:4)
  8 rats
47 creatures vanquished.

Vanquished Creatures (collateral kills)
  Sigmund (D:3)
  A phantom (D:5)
  A sky beast (D:5)
  A big kobold (D:5)
  A scorpion (D:5)
  A howler monkey (D:4)
  A crimson imp (D:6)
  An orc priest (D:5)
  A hound (D:5)
  2 iguanas
  Ijyb (D:3)
  3 worker ants
  Natasha (twice) (D:3)
  An orc wizard (D:4)
  6 adders
  A shadow imp (D:5)
  4 worms
  2 dart slugs
  2 leopard geckos (D:4)
  8 orcs
  3 giant cockroaches
  4 goblins
  3 hobgoblins
  5 jackals
  8 kobolds
  2 quokkas
  A ball python (D:3)
  3 bats
  A rat (D:1)
71 creatures vanquished.

Grand Total: 118 creatures vanquished

Notes
Turn   | Place    | Note
-------+----------+-------------------------------------------
     0 | D:1      | Monsterracer the Tengu Summoner began the quest for the Orb.
     0 | D:1      | Reached XP level 1. HP: 10/10 MP: 4/4
   173 | D:1      | Reached skill level 5 in Summonings
   530 | D:1      | Reached XP level 2. HP: 15/15 MP: 3/6
   561 | D:1      | Learned a level 2 spell: Call Imp
  1239 | D:2      | Reached XP level 3. HP: 6/19 MP: 0/7
  1806 | D:2      | Found a stormy altar of Qazlal.
  2281 | D:2      | Learned a level 3 spell: Call Canine Familiar
  2537 | D:2      | Gained mutation: You are partially covered in rugged brown scales. (AC +1, +3% HP) [potion of mutation]
  2537 | D:2      | Gained mutation: Potions are less effective at restoring your health. [potion of mutation]
  2537 | D:2      | Gained mutation: You are partially covered in large bone plates. (SH +4) [potion of mutation]
  2537 | D:2      | Gained mutation: Your flesh is heat resistant. (rF+) [potion of mutation]
  2562 | D:2      | Reached XP level 4. HP: 24/24 MP: 3/9
  2619 | D:2      | Learned a level 3 spell: Summon Guardian Golem
  2815 | D:3      | Found a burning altar of Makhleb.
  2821 | D:3      | Noticed Sigmund
  2832 | D:3      | Killed Sigmund
  2832 | D:3      | Reached skill level 6 in Summonings
  2832 | D:3      | Gained mutation: You can fly. [Tengu growth]
  2832 | D:3      | Reached XP level 5. HP: 28/28 MP: 3/11
  2919 | D:3      | Noticed Ijyb
  2947 | D:3      | Killed Ijyb
  3557 | D:3      | Noticed Natasha
  3625 | D:3      | Killed Natasha
  3625 | D:3      | Reached skill level 7 in Summonings
  4086 | D:4      | Reached skill level 1 in Maces & Flails
  4087 | D:4      | Reached XP level 6. HP: 32/32 MP: 1/12
  4204 | D:3      | Noticed Natasha
  4210 | D:3      | Killed Natasha
  5021 | D:5      | Entered Level 5 of the Dungeon
  5153 | D:5      | Reached skill level 1 in Polearms
  5277 | D:5      | Noticed Eustachio
  5613 | D:4      | Reached XP level 7. HP: 12/38 MP: 9/14
  6196 | D:5      | Killed Eustachio
  6196 | D:5      | Reached skill level 1 in Fighting
  6576 | D:5      | Learned a level 4 spell: Summon Ice Beast
  6828 | D:5      | Reached skill level 8 in Summonings
  7497 | D:6      | Found Emenik's General Store.
  7521 | D:6      | Found a staircase to the Ecumenical Temple.
  7542 | Temple   | Entered the Ecumenical Temple
  7575 | Temple   | Became a worshipper of Sif Muna the Loreminder
  7628 | D:6      | Found a burning altar of Makhleb.
  7637 | D:6      | Noticed an Executioner
  7687 | D:6      | Found a glowing silver altar of Zin.
  7687 | D:6      | Noticed an angel
  7704 | D:6      | Reached XP level 8. HP: 42/44 MP: 15/15
  7720 | D:6      | Mangled by an orc warrior

Vault maps used:
D:1:      minmay_arrival_shattered_statue, corexii_corridor_pit
D:2:      grunt_qazlal_clouds
D:3:      bloody_makhleb, uniq_natasha, uniq_iyjb, uniq_sigmund
D:5:      first_bread, uniq_eustachio
D:6:      grunt_temple_overflow_order_and_chaos_2, kennysheep_mini,
          nicolae_dithmenos_through_a_glass_darkly,
          minmay_overflow_temple_star_quad, temple_pool_b, serial_shops, shop,
          uniq_prince_ribbit1
Temple:   nicolae_temple_god_jail

Skill      XL: |  1  2  3  4  5  6  7 |
---------------+----------------------+-----
Summonings     | 5 6 7 8 |  8.3
Spellcasting   | 3 4 |  4.5
Maces & Flails | 1 |  1.0
Polearms       | 1 3 |  3.8
Fighting       | 1 |  1.5
Dodging        | 3 |  3.2
Stealth        | |  2.0

Action                   |  1- 3 |  4- 6 |  7- 9 || total
-------------------------+-------+-------+-------++-------
Melee: Unarmed           |    10 |       |       ||    10
       Kick              |    10 |    13 |    12 ||    35
       Whip              |     5 |       |       ||     5
       Hand axe          |    11 |       |       ||    11
       Peck              |     3 |    13 |     6 ||    22
       Mace              |    26 |    35 |       ||    61
       Scythe            |       |     8 |       ||     8
       Trident           |       |    87 |    80 ||   167
 Cast: Summon Small Mamm |    19 |    12 |    25 ||    56
       Call Imp          |    30 |    31 |    20 ||    81
       Call Canine Famil |       |    12 |     9 ||    21
       Summon Guardian G |       |    18 |     7 ||    25
  Use: Scroll            |     2 |    11 |       ||    13
       Potion            |     4 |     3 |     1 ||     8
 Stab: Sleeping          |     5 |     4 |       ||     9
       Distracted        |       |     1 |     3 ||     4
  Eat: Chunk             |     7 |    12 |     3 ||    22
       Royal jelly       |       |     1 |       ||     1
       Bread ration      |       |       |     1 ||     1
Armor: Robe              |    13 |    46 |    24 ||    83
Dodge: Dodged            |    55 |    97 |    63 ||   215
Block: Other             |       |    33 |    15 ||    48
